 Dungeon Crawl Stone Soup version 0.27-a0-101-g3cb999cee2 (webtiles) character file.

Game seed: 1904660504660929029

581 lunkers the Chiller (level 7, -2/46 HPs)
             Began as a Vampire Ice Elementalist on Jan 21, 2021.
             Was a Follower of Ashenzari.
             Killed by nerve-wracking pain
             ... invoked by Grinder
              (12 damage)
             ... on level 5 of the Dungeon.
             The game lasted 00:06:41 (3993 turns).

lunkers the Chiller (Vampire Ice Elementalist)      Turns: 3993, Time: 00:06:42

Health: -2/46      AC: 10    Str:  7    XL:     7   Next: 14%
Magic:  7/13       EV: 17    Int: 19    God:    Ashenzari [*.....]
Gold:   138        SH:  5    Dex: 15    Spells: 3/14 levels left

rFire    . . .     SeeInvis +   r - +1 dagger (venom) (curse)
rCold    . . .     Faith    .   (no shield)
rNeg     . . .     Spirit   .   a - +0 robe
rPois    +         Reflect  +   (no helmet)
rElec    .         Harm     .   (no cloak)
rCorr    .         Rampage  .   c - +0 pair of gloves
Will     .....                  (no boots)
Stlth    ++........             t - amulet of reflection (curse)
HPRegen  0.35/turn              s - +4 ring of evasion (curse)
MPRegen  0.13/turn              y - ring of poison resistance

@: mighty, icy armour, flying, regenerating quickly, hasted, very quick
A: fangs 3, see invisible, unbreathing
a: Exsanguinate, Renounce Religion, Curse Item, Scrying


You were on level 5 of the Dungeon.
You worshipped Ashenzari.
Ashenzari was aware of your devotion.
You visited 2 branches of the dungeon, and saw 6 of its levels.

You collected 138 gold pieces.

Inventory:

Hand Weapons
 g - a +0 dagger
 r - a cursed +1 dagger of venom (weapon)
Armour
 a - a +0 robe (worn)
 c - a +0 pair of gloves (worn)
Jewellery
 q - an uncursed amulet of the acrobat
 s - a cursed +4 ring of evasion (left hand)
 t - a cursed amulet of reflection (around neck)
 x - a +6 ring of dexterity
 y - a ring of poison resistance (right hand)
Scrolls
 d - a scroll of fear {unknown}
 i - 3 scrolls of teleportation {unknown}
 j - 2 scrolls of enchant armour {unknown}
 k - 3 scrolls of blinking
 m - a scroll of magic mapping {unknown}
 p - a scroll of enchant weapon {unknown}
Potions
 b - 3 potions of attraction
 e - a potion of heal wounds
 f - a potion of ambrosia
 o - 3 potions of brilliance
 w - a potion of degeneration {unknown}


   Skills:
 - Level 2.1 Dodging
 - Level 3.0 Stealth
 + Level 4.3 Spellcasting
 + Level 0.2 Summonings
 * Level 7.5 Ice Magic


You had 3 spell levels left.
You knew the following spells:

 Your Spells              Type           Power        Failure   Level
a - Freeze                Ice            100%         1%          1
b - Frozen Ramparts       Ice            64%          1%          3
c - Ozocubu's Armour      Ice            32%          1%          3
d - Summon Ice Beast      Ice/Summ       18%          26%         4

Your spell library contained the following spells:

 Spells                   Type           Power        Failure   Level
 Sandblast                Erth           8%           13%         1
 Passwall                 Tmut/Erth      3%           21%         2
 Stone Arrow              Conj/Erth      8%           36%         3
 Hailstorm                Conj/Ice       18%          28%         4
 Petrify                  Tmut/Erth      4%           78%         4
 Lee's Rapid Deconstruct  Erth           2%           98%         5


Dungeon Overview and Level Annotations

Branches:
Dungeon (5/15)             Temple (1/1) D:4

Altars:
Ashenzari
Cheibriados
Elyvilon
Gozag
Hepliaklqana
Kikubaaqudgha
Makhleb
Nemelex Xobeh
Okawaru
Qazlal
Ru
Sif Muna
Trog
Uskayaw
Vehumet
Wu Jian
Xom
Yredelemnul
The Shining One

Annotations:
D:5 Grinder


Innate Abilities, Weirdness & Mutations

Your natural rate of healing is unusually fast.
You have razor-sharp teeth.
You have supernaturally acute eyesight. (SInv)
You can survive without breathing.


Message History

You barely miss Grinder.
Grinder is lightly wounded.
Okay, then.
Casting: Frozen Ramparts (safe; 1% risk of failure)
Confirm with . or Enter, or press ? or * to list all spells.
A film of ice covers your body! Grinder hits you but does no damage.
It was a potion of might.
You feel very mighty all of a sudden. Grinder completely misses you.
You closely miss Grinder.
Grinder is lightly wounded.
You hit Grinder.
Grinder is moderately wounded.
Grinder gestures at you.
You struggle to resist.
You hit Grinder. Your bite misses Grinder.
Grinder is moderately wounded.
Grinder gestures at you. Pain shoots through your body!
You die...

################
#.......[......#
#..............#
#.....<........#
#..............#
#.....##.......#
#.....##.......#
#......'.......#
#.....@#.......#
#....5)#.......#
##...)##########
#....# #......
#.......
#(......#
#.......#
#.......#
#.....#


You could see Grinder.

Vanquished Creatures
  A scorpion (D:4)
  A howler monkey (D:4)
  4 orc wizards
  A hound (D:4)
  An orc priest (D:5)
  A centaur skeleton (D:5)
  2 iguanas (D:4)
  2 worker ants (D:4)
  7 adders
  2 oozes
  An adder skeleton (D:4)
  2 worms
  4 dart slugs
  7 leopard geckos
  17 orcs
  3 giant cockroaches
  6 goblins
  7 hobgoblins
  4 jackals (D:3)
  6 kobolds
  11 ball pythons
  4 bats
  5 frilled lizards
  7 rats
106 creatures vanquished.

Vanquished Creatures (others)
  4 plants (D:2)
4 creatures vanquished.

Grand Total: 110 creatures vanquished

Notes
Turn   | Place    | Note
-------+----------+-------------------------------------------
     0 | D:1      | lunkers the Vampire Ice Elementalist began the quest for
                  | the Orb.
     0 | D:1      | Reached XP level 1. HP: 13/13 MP: 3/3
   228 | D:1      | Reached XP level 2. HP: 19/19 MP: 3/5
   680 | D:1      | Reached XP level 3. HP: 24/24 MP: 4/6
  1197 | D:2      | Found a broken altar of Ashenzari.
  1208 | D:2      | Became a worshipper of Ashenzari the Shackled
  1312 | D:2      | Reached skill level 5 in Ice Magic
  1488 | D:2      | Reached XP level 4. HP: 30/30 MP: 5/8
  1492 | D:2      | Learned a level 3 spell: Frozen Ramparts
  1496 | D:2      | Learned a level 3 spell: Ozocubu's Armour
  2182 | D:3      | Reached XP level 5. HP: 33/35 MP: 5/9
  2183 | D:3      | Reached skill level 6 in Ice Magic
  2372 | D:3      | Found a white marble altar of Elyvilon.
  2976 | D:4      | Reached XP level 6. HP: 14/41 MP: 1/11
  3172 | D:4      | Reached * piety under Ashenzari
  3321 | D:4      | Found a staircase to the Ecumenical Temple.
  3396 | D:4      | Reached skill level 7 in Ice Magic
  3487 | D:4      | Found an iron altar of Okawaru.
  3597 | D:4      | Reached XP level 7. HP: 46/46 MP: 10/13
  3649 | D:4      | Found a basalt altar of Yredelemnul.
  3649 | D:4      | Found a snail-covered altar of Cheibriados.
  3654 | D:4      | Found a faded altar of an unknown god.
  3656 | D:4      | Found a hazy altar of Hepliaklqana.
  3658 | D:4      | Found a faded altar of an unknown god.
  3810 | Temple   | Entered the Ecumenical Temple
  3876 | D:5      | Entered Level 5 of the Dungeon
  3883 | D:5      | Noticed Grinder
  3952 | D:5      | Learned a level 4 spell: Summon Ice Beast
  3993 | D:5      | Killed from afar by Grinder

Illustrated notes

Levels and vault maps discovered:
D:1:      lemuel_arrival_lava_pool, layout_basic, chequers_serial_rivers_room_b,
          chequers_serial_rivers_small_3, minmay_misc_feat_tower
D:2:      layout_rooms, evilmike_ruin_ashenzari, serial_bayou_pond_c,
          kennysheep_nondescript, minmay_snake_closets
D:3:      layout_basic, elyvilon_altar_5
D:4:      layout_cave_pools, chequers_temple_overflow_minitemple,
          lemuel_round_altar, minmay_temple_entry_glassed_door
D:5:      layout_gridville, gammafunk_temple_overflow_elements, uniq_menkaure,
          uniq_grinder
Temple:   cyrus_circular_temple

Skill      XL: |  1  2  3  4  5  6 |
---------------+-------------------+-----
Ice Magic      | 5 6 7 |  7.5
Spellcasting   | 3 4 |  4.3
Dodging        | |  2.1
Stealth        | |  3.0
Summonings     | |  0.2

Action                   |  1- 3 |  4- 6 |  7- 9 || total
-------------------------+-------+-------+-------++-------
Melee: Dagger            |     1 |     5 |    22 ||    28
       Bite              |       |     1 |     2 ||     3
 Cast: Freeze            |    54 |    79 |     3 ||   136
       Frozen Ramparts   |       |     7 |     1 ||     8
       Ozocubu's Armour  |       |       |     1 ||     1
Invok: Curse Item        |       |     3 |       ||     3
  Use: Scroll            |       |       |     5 ||     5
       Potion            |       |       |     5 ||     5
Armor: Robe              |     8 |    12 |     2 ||    22
Dodge: Dodged            |    27 |    80 |    17 ||   124
Block: Other             |       |     5 |     6 ||    11
       Reflection        |       |       |     1 ||     1

Table legend: (Time is in decaauts)
 A = Elapsed time spent in this place.
 B = Non-inter-level travel time spent in this place.
 C = Inter-level travel time spent in this place.
 D = Time resting spent in this place.
 E = Time spent auto-exploring this place.
 F = Levels seen in this place.
 G = Mean time per level.
                   A        B        C        D        E       F      G
               +--------+--------+--------+--------+--------+-----+--------+
         Total |   3999 |   3855 |    144 |    148 |   3057 |   6 |  666.5 |
       Dungeon |   3946 |   3812 |    134 |    148 |   3014 |   5 |  789.2 |
        Temple |     52 |     43 |      9 |      0 |     43 |   1 |   52.0 |
               +--------+--------+--------+--------+--------+-----+--------+

Top non-repeatable levels by time:
     D:1: 1106 daAuts
     D:2: 1006 daAuts
     D:4: 886 daAuts
     D:3: 864 daAuts
     D:5: 81 daAuts
  Temple: 52 daAuts
